 Dungeon Crawl Stone Soup version 0.29-a0-620-g13ace881f2 (webtiles) character file.

Game seed: 1816079216474391008

459 avis the Chiller (level 6, -3/52 HPs)
             Began as a Demigod Ice Elementalist on June 19, 2022.
             Slain by a troll (11 damage)
             ... on level 5 of the Dungeon.
             The game lasted 00:33:06 (4964 turns).

avis the Chiller (Demigod Ice Elementalist)         Turns: 4964, Time: 00:33:07

Health: -3/52      AC: 13    Str:  9    XL:     6   Next: 48%
Magic:  11/12      EV: 12    Int: 17    God:
Gold:   340        SH:  0    Dex: 22    Spells: 5/9 levels left

rFire   . . .      SeeInvis .   a - +0 falchion
rCold   . . .      Faith    .   (no shield)
rNeg    . . .      Spirit   .   k - +0 robe
rPois   .          Reflect  .   s - +0 helmet
rElec   .          Harm     .   (no cloak)
rCorr   .          Rampage  .   (no gloves)
Will    .....                   (no boots)
Stlth   ++........              (no amulet)
HPRegen 0.17/turn               c - +4 ring of protection
MPRegen 0.13/turn               (no ring)

@: ice-armoured, hasted, very quick
A: high MP 1, forlorn, divine attributes
a: no special abilities


You were on level 5 of the Dungeon.
You visited 2 branches of the dungeon, and saw 6 of its levels.

You collected 340 gold pieces.

Inventory:

Hand Weapons
 a - a +0 falchion (weapon)
 b - a +0 hunting sling
 l - a +0 short sword
Missiles
 i - 6 boomerangs
 m - 2 poisoned darts (quivered)
 r - 2 silver javelins
Armour
 g - the +8 chain mail "Oseinn" {rN+ Dex+4 Stlth-}
   (You took it off an orc on level 4 of the Dungeon)

   Dex:       It affects your dexterity (+4).
   rN:        It protects you from negative energy.
   Stlth:     It makes you less stealthy.
 k - a +0 robe (worn)
 s - a +0 helmet (worn)
Jewellery
 c - a +4 ring of protection (left hand)
 v - a ring of poison resistance
Wands
 y - a wand of polymorph (9)
Scrolls
 d - 2 scrolls of teleportation
 j - 2 scrolls of immolation {unknown}
 n - a scroll of vulnerability {unknown}
 p - a scroll of acquirement {unknown}
 q - a scroll of enchant armour {unknown}
 w - a scroll of silence {unknown}
Potions
 e - 2 potions of magic
 f - 2 potions of ambrosia
 h - a potion of haste
 o - a potion of brilliance {unknown}
 t - 2 potions of curing {unknown}
 x - a potion of attraction {unknown}


   Skills:
 - Level 4.0 Fighting
 - Level 1.7 Dodging
 - Level 2.0 Stealth
 * Level 2.1 Spellcasting
 - Level 6.0 Ice Magic


You had 5 spell levels left.
You knew the following spells:

 Your Spells              Type           Power      Damage    Failure   Level
a - Freeze                Ice            88%        1d10      1%          1
o - Ozocubu's Armour      Ice            22%        N/A       4%          3

Your spell library contained the following spells:

 Spells                   Type           Power      Damage    Failure   Level
 Frozen Ramparts          Ice            44%        1d6       4%          3
 Dazzling Flash           Conj/Hex       2%         N/A       50%         3
 Hailstorm                Conj/Ice       12%        3d5       50%         4
 Iskenderun's Mystic Bla  Conj/Tloc      1%         2d3       88%         4
 Starburst                Conj/Fire      0%         6d3       100%        6


Dungeon Overview and Level Annotations

Branches:
Dungeon (5/15)             Temple (1/1) D:4


Innate Abilities, Weirdness & Mutations

You have an increased reservoir of magic. (+10% MP)
You shall have no god before yourself.
Your divine heritage dramatically boosts your attributes as you level up.


Message History

* * * LOW HITPOINT WARNING * * *
The troll barely misses you.
You feel much better. The troll closely misses you. The troll misses you.
The troll closely misses you.
You barely miss the troll. The troll closely misses you.
The troll claws you but does no damage. The troll claws you!
You slash the troll!
The troll is moderately wounded.
The troll bites you but does no damage. The troll completely misses you.
The troll barely misses you.
You closely miss the troll.
The troll is moderately wounded.
The troll bites you!
* * * LOW HITPOINT WARNING * * *
The troll claws you.
* * * LOW HITPOINT WARNING * * *
The troll closely misses you. The troll misses you. The troll claws you.
* * * LOW HITPOINT WARNING * * *
The troll completely misses you.
You feel much better. The troll bites you but does no damage.
The troll barely misses you. x2
You feel yourself speed up. The troll closely misses you.
The troll barely misses you. The troll claws you but does no damage.
You hit the troll but do no damage.
The troll is lightly wounded.
You hit the troll.
The troll is moderately wounded.
The troll closely misses you. The troll claws you!
* * * LOW HITPOINT WARNING * * *
The troll claws you.
* * * LOW HITPOINT WARNING * * *
You hit the troll but do no damage.
The troll is moderately wounded.
The troll misses you. The troll claws you.
* * * LOW HITPOINT WARNING * * *
The troll claws you but does no damage.
You hit the troll but do no damage.
The troll is lightly wounded.
The troll bites you!
You die...

......###........................
...######.(..................####
.......##........................
...........###...................
'##........+ #...................
.##........###...................
.................................
.###+######+##.......... ..#..
.#.....# #.....@......# #..
.#.....####.....T......# ##.###
.+.....'...............+ ......
##.....##########......# ##.###
........# ......# ......
........# ......# ......
..##...... ......# ......
......#.... ..(...# ..###
......#..... #..


You could see a troll.

Vanquished Creatures
  A scorpion (D:5)
  2 orc priests
  An iguana (D:4)
  4 orc wizards (D:4)
  3 adders
  4 gnolls (D:2)
  2 ufetubi
  A worm (D:2)
  A dart slug (D:4)
  17 orcs
  A ball python (D:1)
  4 bats
  7 endoplasms
  8 giant cockroaches
  9 goblins
  9 hobgoblins
  6 jackals
  4 quokkas
  5 frilled lizards
  3 kobolds
  3 rats
95 creatures vanquished.

Vanquished Creatures (others)
  An orc wizard (D:4)
1 creature vanquished.

Grand Total: 96 creatures vanquished

Notes
Turn   | Place    | Note
-------+----------+-------------------------------------------
     0 | D:1      | avis the Demigod Ice Elementalist began the quest for the
                  | Orb.
     0 | D:1      | Reached XP level 1. HP: 14/14 MP: 5/5
   138 | D:1      | Reached skill level 4 in Ice Magic
   226 | D:1      | Reached XP level 2. HP: 12/20 MP: 4/7
   755 | D:1      | Reached skill level 1 in Fighting
  1048 | D:2      | Reached XP level 3. HP: 29/29 MP: 6/8
  1052 | D:2      | Learned a level 3 spell: Ozocubu's Armour
  1136 | D:2      | You fall into a shaft and drop 1 floor!
  1804 | D:2      | Reached XP level 4. HP: 28/36 MP: 2/9
  1997 | D:2      | Reached skill level 5 in Ice Magic
  2867 | D:3      | Reached XP level 5. HP: 42/42 MP: 3/10
  3174 | D:4      | Found a staircase to the Ecumenical Temple.
  3188 | Temple   | Entered the Ecumenical Temple
  3335 | D:4      | Identified the +8 chain mail "Oseinn" {rN+ Dex+4 Stlth-}
  3514 | D:4      | Reached skill level 6 in Ice Magic
  3514 | D:4      | Reached XP level 6. HP: 26/51 MP: 3/11
  4328 | D:5      | Entered Level 5 of the Dungeon
  4944 | D:5      | Noticed a troll
  4958 | D:5      | HP: 1/52 [troll (6)]
  4964 | D:5      | Slain by a troll

Illustrated notes

Levels and vault maps discovered:
D:1:      elethiomel_arrival_shortcut, layout_basic,
          ebering_ecumenical_altar_sacrificial
D:2:      layout_basic
D:3:      layout_basic, mainiacjoe_overflow_alcove_2
D:4:      layout_loops_ring, minmay_temple_entry_crystal_x
D:5:      layout_basic, kennysheep_mini, gammafunk_temple_overflow_claw
Temple:   nicolae_temple_god_jail

Skill      XL: |  1  2  3  4  5  6 |
---------------+-------------------+-----
Ice Magic      | 4 5 6 |  6.0
Spellcasting   | 2 |  2.1
Fighting       | 1 2 3 4 |  4.0
Stealth        | 2 |  2.0
Dodging        | |  1.7

Action                   |  1- 3 |  4- 6 || total
-------------------------+-------+-------++-------
Melee: Dagger            |     4 |    19 ||    23
       Short sword       |       |    11 ||    11
       Falchion          |       |    11 ||    11
 Fire: Hunting sling     |       |    37 ||    37
Throw: Boomerang         |       |    16 ||    16
       Dart              |       |     1 ||     1
 Cast: Freeze            |    69 |    81 ||   150
       Ozocubu's Armour  |     3 |    19 ||    22
  Use: Scroll            |       |     5 ||     5
       Potion            |       |     3 ||     3
 Stab: Sleeping          |     2 |     2 ||     4
Armor: Robe              |    13 |    62 ||    75
Dodge: Dodged            |    30 |    73 ||   103

Table legend: (Time is in decaauts)
 A = Elapsed time spent in this place.
 B = Non-inter-level travel time spent in this place.
 C = Inter-level travel time spent in this place.
 D = Time resting spent in this place.
 E = Time spent auto-exploring this place.
 F = Levels seen in this place.
 G = Mean time per level.
                   A        B        C        D        E       F      G
               +--------+--------+--------+--------+--------+-----+--------+
         Total |   4992 |   4490 |    502 |   1730 |   1389 |   6 |  832.0 |
       Dungeon |   4955 |   4454 |    501 |   1730 |   1389 |   5 |  991.0 |
        Temple |     37 |     36 |      1 |      0 |      0 |   1 |   37.0 |
               +--------+--------+--------+--------+--------+-----+--------+

Top non-repeatable levels by time:
     D:4: 1522 daAuts
     D:2: 1092 daAuts
     D:1: 1086 daAuts
     D:3: 684 daAuts
     D:5: 570 daAuts
  Temple: 37 daAuts
